Map: 16-Bit LE

Players

TheCaptan - Winner!

  • Race: Protoss Protoss
  • Spawn Location: 7:00

A.I. 1 (Very Easy)

  • Race: Terran Terran
  • Spawn Location: 1:00

VOD

Have the link to the VOD?

Description

Time

  • Played on: May 15, 2020, 7:48 p.m.
  • Length: 11:46
Show
View Real Time Build Order
Export as new Build Order

TheCaptan Protoss - Winner!

Build Orders: 1 Gate Expand, Oracle Opening, Carriers 

Get SALT Encoding   

  12  0:02  Probe  
  13  0:19  Probe (Chrono Boost)  
  13  0:20  Pylon  
  14  0:31  Probe (Chrono Boost)  
  15  0:43  Probe (Chrono Boost)  
  15  0:45  Gateway  
  16  0:58  Probe, Assimilator  
  17  1:12  Probe  
  18  1:24  Probe  
  19  1:34  Nexus  
  19  1:35  Zealot  
  21  1:44  Probe  
  22  1:55  Cybernetics Core  
  22  1:56  Probe  
  23  2:04  Assimilator  
  23  2:23  Pylon  
  23  2:41  Probe  
  24  2:49  Stargate  
  24  2:55  Probe  
  24  2:58  Probe  
  26  3:18  Probe x2  
  26  3:19  Forge  
  28  3:30  Probe  
  28  3:31  Probe  
  30  3:40  Protoss Air Weapons Level 1 (Chrono Boost)  
  30  3:42  Oracle (Chrono Boost), Assimilator, Probe  
  34  3:48  Probe  
  35  4:06  Photon Cannon  
  35  4:07  Probe x2  
  37  4:18  Oracle (Chrono Boost)  
  37  4:22  Fleet Beacon  
  40  4:26  Probe  
  40  4:27  Probe  
  42  4:36  Assimilator  
  42  4:38  Probe  
  42  4:41  Probe  
  44  4:53  Stargate  
  44  4:54  Pylon x2  
  44  5:01  Probe x2  
  46  5:22  Protoss Air Armor Level 1  
  46  5:28  Carrier (Chrono Boost)  
  52  6:08  Nexus  
  52  6:09  Carrier (Chrono Boost)  
  52  6:11  Probe x2  
  52  6:13  Pylon  
  52  6:15  Protoss Shields Level 1 (Chrono Boost), Pylon  
  60  6:32  Probe x2  
  68  6:40  Carrier (Chrono Boost)  
  68  6:46  Photon Cannon  
  68  6:47  Photon Cannon  
  68  6:52  Carrier (Chrono Boost)  
  68  6:53  Shield Battery  
  68  6:55  Shield Battery  
  68  6:56  Probe x2  
  68  6:57  Shield Battery  
  77  7:08  Probe  
  77  7:15  Stargate  
  77  7:22  Probe x2  
  79  7:35  Protoss Air Weapons Level 2 (Chrono Boost)  
  79  7:40  Assimilator  
  79  7:42  Probe x2, Assimilator  
  79  7:43  Probe  
  82  7:44  Carrier  
  88  7:57  Probe x2  
  88  7:58  Probe  
  91  8:09  Probe  
  91  8:11  Probe  
  93  8:20  Pylon  
  93  8:21  Pylon  
  93  8:22  Pylon  
  93  8:24  Pylon  
  93  8:38  Carrier, Probe  
  93  8:39  Carrier  
  106  8:45  Probe x2  
  108  8:51  Carrier  
  114  9:06  Cybernetics Core  
  114  9:09  Probe  
  115  9:10  Probe  
  115  9:11  Probe  
  117  9:23  Probe x2  
  119  9:40  Stargate, Probe x2  
  119  9:41  Probe  
  122  9:55  Pylon  
  122  9:57  Pylon  
  122  9:58  Pylon  
  122  10:00  Probe  
  122  10:01  Probe x2  
  131  10:15  Probe x2  
  131  10:16  Carrier (Chrono Boost), Probe  
  131  10:18  Carrier (Chrono Boost)  
  131  10:21  Carrier (Chrono Boost)  
  146  10:28  Probe  
  146  10:29  Probe x2  
  149  10:54  Pylon  
  149  10:55  Pylon  
  149  10:56  Pylon  
  149  10:57  Pylon  
  149  11:12  Probe x2  
  149  11:13  Probe  
  176  11:23  Assimilator  
  176  11:24  Probe  
  177  11:27  Probe  
  177  11:28  Assimilator, Probe  
  177  11:30  Nexus  
Show
View Real Time Build Order
Export as new Build Order

A.I. 1 (Very Easy) Terran 

Build Orders: Reaper Expand 

Get SALT Encoding   

  12  0:00  SCV  
  13  0:13  SCV  
  14  0:20  Supply Depot  
  14  0:47  Barracks  
  14  1:07  Command Center  
  14  1:33  Supply Depot  
  14  1:34  Marine, Orbital Command  
  15  1:40  Refinery  
  15  1:51  Refinery  
  15  2:00  SCV  
  16  2:12  SCV  
  17  2:18  SCV  
  17  2:20  Reaper  
  19  2:26  SCV  
  20  2:33  SCV  
  21  2:40  SCV  
  22  2:47  SCV  
  22  2:48  Refinery  
  23  2:54  SCV  
  24  3:01  SCV  
  24  3:05  Marine  
  26  3:08  SCV  
  27  3:16  SCV  
  28  3:23  Factory, SCV  
  29  3:48  Refinery  
  29  3:49  SCV  
  29  3:50  Marine  
  31  3:56  SCV  
  31  4:02  Supply Depot  
  32  4:03  SCV  
  32  4:08  Starport  
  32  4:09  Barracks Tech Lab  
  33  4:10  SCV  
  34  4:17  SCV  
  35  4:25  SCV  
  36  4:32  SCV  
  36  4:35  Supply Depot, Marauder  
  39  4:39  SCV  
  40  4:45  Starport Tech Lab  
  40  4:46  SCV  
  41  4:53  SCV  
  42  5:00  SCV  
  42  5:05  Raven  
  45  5:08  SCV  
  46  5:15  SCV  
  46  5:20  Marauder  
  49  5:22  SCV  
  50  5:44  SCV  
  50  5:48  Raven  
  46  5:51  SCV  
  41  5:58  SCV  
  42  6:05  Marine  
  42  6:06  SCV  
  44  6:13  SCV  
  45  6:20  SCV  
  46  6:27  SCV  
  47  6:35  SCV  
  48  6:42  SCV  
  49  6:49  SCV  
  49  6:50  Marine  
  51  6:56  SCV  
  52  7:35  Marine  
  53  7:57  SCV  
  51  8:04  SCV  
  45  8:11  SCV  
  46  8:19  SCV  
  47  8:20  Marine  
  47  8:26  SCV  
  49  8:33  SCV  
  50  8:40  SCV  
  51  8:47  SCV  
  52  8:54  SCV  
  53  9:01  SCV  
  54  10:26  SCV  
  54  10:27  Medivac  
  52  10:28  Supply Depot  
  52  10:29  Factory Tech Lab  
  52  10:33  Armory, SCV  
  48  10:40  SCV  
  49  10:49  Siege Tank  
  52  10:50  SCV  
  52  10:53  Supply Depot  
  53  10:57  Medivac, SCV  
  54  11:12  SCV, Refinery  
  54  11:15  Command Center  
  54  11:17  Marine  
  54  11:18  Supply Depot  
  37  11:24  SCV  
Tags
 
Add a new tag
Caveats
  • Supply blocks, unpowered buildings, or Contaminate may cause inaccurate times.
  • Supply counts are checked every 10 seconds.